 Dungeon Crawl Stone Soup version 0.20.2-3-g29329e0561 (webtiles) character file.

92 Alfie the Skirmisher (level 4, -4/41 HPs)
             Began as a Hill Orc Fighter on July 25, 2023.
             Slain by Sigmund
             ... wielding a +0 scythe
              (8 damage)
             ... on level 2 of the Dungeon.
             The game lasted 00:03:14 (1191 turns).

Alfie the Skirmisher (Hill Orc Fighter)             Turns: 1191, Time: 00:03:15

Health: -4/41      AC:  7    Str: 24    XL:     4   Next: 60%
Magic:  4/4        EV:  7    Int:  8    God:
Gold:   98         SH:  0    Dex: 10    Spells: 3/3 levels left

rFire    . . .     SeeInvis .   a - +0 rapier
rCold    . . .     Gourm    .   c - +0 shield
rNeg     . . .     Faith    .   b - +0 scale mail
rPois    .         Spirit   .   (no helmet)
rElec    .         Reflect  .   (no cloak)
rCorr    .         Harm     .   (no gloves)
MR       .....                  (no boots)
Stlth    ..........             (no amulet)
Regen    0.2/turn               (no ring)
MPRegen  0.1/turn               (no ring)

@: confused, mighty
A: no striking features
a: no special abilities


You were on level 2 of the Dungeon.
You were not hungry.

You visited 1 branch of the dungeon, and saw 2 of its levels.

You collected 98 gold pieces.

Inventory:

Hand Weapons
 a - a +0 rapier (weapon)
Missiles
 v - 3 tomahawks (quivered)
Armour
 b - a +0 scale mail (worn)
 c - a +0 shield (worn)
Jewellery
 m - a +2 ring of protection {unknown}
 u - a +6 ring of intelligence {unknown}
Scrolls
 e - a scroll of teleportation {unknown}
 g - 4 scrolls of enchant weapon {unknown}
 i - 2 scrolls of enchant armour {unknown}
 j - 2 scrolls of recharging {unknown}
 n - 2 scrolls of identify {unknown}
 p - a scroll of remove curse {unknown}
 s - a scroll of magic mapping {unknown}
Potions
 d - a potion of might
 h - 2 potions of curing
 l - a potion of berserk rage {unknown}
 o - a potion of ambrosia {unknown}
 r - 2 potions of cancellation {unknown}
Comestibles
 f - 3 bread rations
 k - a royal jelly
 t - a meat ration


   Skills:
 + Level 4.5 Fighting
 + Level 2.8 Short Blades
 + Level 4.0 Armour
 + Level 0.4 Dodging
 + Level 0.1 Stealth
 + Level 3.8 Shields


You had 3 spell levels left.
You didn't know any spells.

Dungeon Overview and Level Annotations

Branches:
Dungeon (2/15)

Altars:
Fedhas
Xom

Annotations:
D:2 Sigmund


Message History

The puff of flame hits you!
* * * LOW HITPOINT WARNING * * *
You closely miss something.
You hear some strange, mumbled words.
A magic dart appears from out of thin air!
The magic dart hits you!
* * * LOW HITPOINT WARNING * * *
You puncture something! Something hits you but does no damage.
You miss something. You closely miss something.
You hear some strange, mumbled words.
You are confused.
You puncture something! Something hits you!
* * * LOW HITPOINT WARNING * * *
You bump into the rock wall.
You hear a zap.
A puff of flame appears from out of thin air!
The puff of flame misses you.
You bump into the rock wall.
Something hits you!
You die...

.... # .... ...
.###....
..######........
...............
#........# ....
#........###...
#########..............
#..(.(@{..........)....
#.##########.######....
#.# .# .... #.# .# #...
#.## @# #...
#..########.S. .....
#.....(....... ....
#..########..# #.#.
#...#######..# #.#.


There were no monsters in sight!

Vanquished Creatures
  Jessica (D:2)
  4 adders (D:2)
  A worm (D:2)
  5 bats
  A giant cockroach (D:1)
  7 goblins
  4 hobgoblins
  2 kobolds
  2 frilled lizards
  3 rats (D:2)
30 creatures vanquished.

Notes
Turn   | Place    | Note
-------+----------+-------------------------------------------
     0 | D:1      | Alfie the Hill Orc Fighter began the quest for the Orb.
     0 | D:1      | Reached XP level 1. HP: 19/19 MP: 1/1
   119 | D:1      | Reached XP level 2. HP: 26/27 MP: 2/2
   729 | D:2      | Found a blossoming altar of Fedhas.
   747 | D:2      | Found a shimmering altar of Xom.
   803 | D:2      | Reached XP level 3. HP: 21/33 MP: 3/3
   855 | D:2      | Noticed Jessica
   857 | D:2      | Killed Jessica
   857 | D:2      | Reached XP level 4. HP: 38/41 MP: 4/4
  1162 | D:2      | Noticed Sigmund
  1191 | D:2      | Slain by Sigmund

Skill      XL: |  1  2  3  4 |
---------------+-------------+-----
Fighting       | 4 |  4.5
Armour         | 4 |  4.0
Short Blades   | |  2.8
Dodging        | |  0.4
Stealth        | |  0.1
Shields        | |  3.8

Action                   |  1- 3 |  4- 6 || total
-------------------------+-------+-------++-------
Melee: Rapier            |    69 |    28 ||    97
Throw: Tomahawk          |       |    10 ||    10
  Use: Potion            |     1 |     1 ||     2
  Eat: Fruit             |       |     1 ||     1
Armor: Scale mail        |    39 |     8 ||    47
Dodge: Dodged            |     9 |    11 ||    20
Block: Shield            |    32 |    11 ||    43
